 Dungeon Crawl Stone Soup version 0.31.0-11-ge490571c62 (webtiles) character file.

Game seed: 4234495814992459363

4767 hawla the Slicer (level 10, -1/53 HPs)
             Began as a Deep Elf Conjurer on Jan 31, 2024.
             Slain by an orc warrior
             ... wielding a +0 halberd
              (18 damage)
             ... in a bailey.
             The game lasted 00:18:10 (6389 turns).

hawla the Slicer (Deep Elf Conjurer)                Turns: 6389, Time: 00:18:10

Health: -1/53      AC:  2    Str:  7    XL:     10   Next: 23%
Magic:  6/18       EV: 31    Int: 35    God:
Gold:   153        SH:  0    Dex: 17    Spells: 8/17 levels left

rFire   + + .        m - +10 dagger of Amorality {flame, *Rage rF++ Dex+4}
rCold   . . .        (no shield)
rNeg    . . .        a - +0 robe
rPois   .            (no helmet)
rElec   .            k - scarf of the Alphagorgon {repulsion, *Corrode Str+3 Int+7}
rCorr   .            (no gloves)
SInv    +            (no boots)
Will    +....        e - amulet of the acrobat
Stlth   ++           r - ring of see invisible
HPRegen 0.28/turn    (no ring)
MPRegen 0.16/turn

%: random rage (20%), corrode self (3%), repel missiles, acrobat
@: on berserk cooldown, acrobatic
A: no striking features
a: no special abilities


You were in a bailey.
You visited 1 branch of the dungeon, and saw 7 of its levels.
You also visited: Bailey.

You collected 333 gold pieces.
You spent 180 gold pieces at shops.

Inventory:

Hand Weapons
 i - a +0 quarterstaff of protection
 m - the +10 dagger of Amorality (weapon) {flame, *Rage rF++ Dex+4}
   (You found it on level 4 of the Dungeon)

   Dex+4:     It affects your dexterity (+4).
   rF++:      It greatly protects you from fire.
   *Rage:     It berserks you when you make melee attacks (+20% chance).
Armour
 a - a +0 robe (worn)
 k - the scarf of the Alphagorgon (worn) {repulsion, *Corrode Str+3 Int+7}
   (You found it on level 4 of the Dungeon)

   Str+3:     It affects your strength (+3).
   Int+7:     It affects your intelligence (+7).
   *Corrode:  It may corrode you when you take damage.
Jewellery
 e - an amulet of the acrobat (around neck)
 h - an amulet of magic regeneration
 j - an amulet of guardian spirit
 r - a ring of see invisible (left hand)
Wands
 b - a wand of polymorph (12)
Scrolls
 c - a scroll of vulnerability
 d - a scroll of revelation
 n - a scroll of noise {unknown}
 p - 2 scrolls of identify
Potions
 f - 2 potions of might
 g - a potion of lignification {unknown}
 l - a potion of ambrosia {unknown}


   Skills:
 - Level 2.0 Fighting
 - Level 9.9(10.0) Short Blades
 - Level 0.9(5.7) Long Blades
 - Level 3.0 Staves
 + Level 7.3 Dodging
 - Level 3.1 Stealth
 - Level 4.0 Spellcasting
 - Level 9.0 Conjurations
 - Level 2.0 Translocations
 - Level 2.0 Alchemy
 - Level 3.0 Evocations


You had 8 spell levels left.
You knew the following spells:

 Your Spells              Type           Power      Damage    Failure   Level
a - Magic Dart            Conj           100%       1d8       1%          1
b - Searing Ray           Conj           100%       2d8       1%          2
c - Iskenderun's Mystic   Conj/Tloc      45%        2d10      4%          4
d - Blink                 Tloc           42%        N/A       3%          2

Your spell library contained the following spells:

 Spells                   Type           Power      Damage    Failure   Level
 Momentum Strike          Conj/Tloc      90%        3d10      1%          2
 Lesser Beckoning         Tloc           42%        N/A       3%          2
 Fulminant Prism          Conj/Alch      22%        3d12      4%          4
 Sublimation of Blood     Necr           7%         N/A       7%          2
 Irradiate                Conj/Alch      22%        3d19      13%         5
 Petrify                  Alch/Erth      14%        N/A       30%         4


Dungeon Overview and Level Annotations

Branches:
Dungeon (9/15)               Lair (0/5) D:9             Orc (0/2) D:9
 Bailey (1/1)
 Temple: D:4-7

Altars:
Xom
The Shining One

Shops:
D:8 =(

Annotations:
D:8 1 runed translucent door


Message History

The searing ray hits the orc warrior.
The orc warrior is lightly wounded.
The orc warrior misses you. The orc warrior completely misses you.
The searing ray hits the orc warrior.
The orc warrior is moderately wounded.
The searing ray hits the orc warrior!
The orc warrior is heavily wounded.
You finish channelling your searing ray.
The orc warrior misses you.
Unknown command.
Casting: Searing Ray (safe; 1% risk of failure)
Confirm with . or Enter, or press ? or * to list all spells.
Aiming: Searing Ray (safe; 1% risk of failure)
Press: ? - help, Shift-Dir - straight line, f - orc warrior
Aim: an orc warrior, wielding a +0 bardiche and wearing a +0 scale mail (heavily wounded, 79% to hit)
The searing ray misses the orc warrior.
The searing ray hits the orc warrior!
The orc warrior is severely wounded. (Press . to maintain the ray.)
The orc warrior closely misses you. The orc warrior misses you.
The searing ray hits the orc warrior.
The orc warrior is heavily wounded.
The searing ray hits the orc warrior!
The orc warrior is almost dead.
The orc warrior hits you from afar with a +0 halberd!
The searing ray misses the orc warrior.
The searing ray hits the orc warrior.
You kill the orc warrior!
The orc warrior hits you from afar with a +0 halberd!
The orc warrior completely misses you.
The searing ray hits the orc warrior!
The orc warrior is severely wounded.
You finish channelling your searing ray.
The orc warrior hits you from afar with a +0 halberd!
The orc warrior hits you from afar with a +0 halberd!
An orc comes into view. It is wielding a +0 trident.
You feel yourself speed up.
The orc warrior attacks as it pursues you!
The orc warrior misses you.
The orc warrior attacks as it pursues you!
The orc warrior hits you from afar with a +0 halberd!!
You die...

# # .....≈≈ ..⌠...≈
.⌠∩⌠... ..§§)§≈ ≈≈≈≈.
...
#######+###'#########.~.
..)##.....##..o.@....o~.
~~..##.∩.##..o~~~~~~~~~.
.~~..## ##..~~..........
..~~..###..~~..#########
#..~~)))..~~..##
##..~~~~~~~..##
##.........##
###########


You could see 2 orc warriors and an orc (asleep).

Vanquished Creatures
  A two-headed ogre (D:8)
  Maggie (D:8)
  3 hornets
  A troll (D:8)
  Grinder (D:3)
  Sigmund (D:3)
  A wyvern (D:9)
  6 yaks (D:8)
  2 water moccasins (D:8)
  6 orc warriors
  An ogre (D:4)
  A bullfrog (D:8)
  5 wights (D:8)
  A jelly (D:4)
  A hound (D:4)
  A sleepcap (D:8)
  Ijyb (D:5)
  Natasha (thrice) (D:2)
  An iguana (D:4)
  7 orc wizards
  3 adders
  5 dart slugs
  4 ribbon worms
  31 orcs
  7 bats
  8 endoplasms
  5 hobgoblins
  5 quokkas
  3 ball pythons
  4 frilled lizards
  5 goblins
  6 kobolds
  A rat (D:1)
132 creatures vanquished.

Notes
Turn   | Place    | Note
-------+----------+-------------------------------------------
     0 | D:1      | hawla the Deep Elf Conjurer began the quest for the Orb.
     0 | D:1      | Reached XP level 1. HP: 10/10 MP: 6/6
   168 | D:1      | Reached XP level 2. HP: 15/15 MP: 5/8
   877 | D:1      | Reached XP level 3. HP: 19/19 MP: 8/10
   880 | D:1      | Learned a level 2 spell: Searing Ray
  1357 | D:2      | Reached skill level 1 in Translocations
  1470 | D:2      | Noticed Natasha
  1474 | D:2      | Killed Natasha
  1475 | D:2      | Reached skill level 5 in Conjurations
  1475 | D:2      | Reached XP level 4. HP: 24/24 MP: 5/11
  1480 | D:2      | Learned a level 4 spell: Iskenderun's Mystic Blast
  1544 | D:2      | Noticed Natasha
  1547 | D:2      | Killed Natasha
  1641 | D:2      | Noticed Natasha
  1645 | D:2      | Killed Natasha
  1903 | D:2      | Reached XP level 5. HP: 28/28 MP: 9/13
  2362 | D:3      | Found a shimmering altar of Xom.
  2545 | D:3      | Found a glowing golden altar of the Shining One.
  2732 | D:3      | Noticed Sigmund
  2743 | D:3      | HP: 1/28 [something (10)]
  2958 | D:3      | Killed Sigmund
  2959 | D:3      | Reached XP level 6. HP: 32/32 MP: 5/14
  2966 | D:3      | Learned a level 2 spell: Blink
  3078 | D:3      | Noticed Grinder
  3085 | D:3      | Paralysed by Grinder for 2 turns
  3091 | D:3      | Killed Grinder
  3092 | D:3      | Reached skill level 1 in Alchemy
  3092 | D:3      | Reached XP level 7. HP: 7/36 MP: 4/15
  3274 | D:3      | Reached skill level 1 in Staves
  3553 | D:4      | Identified the scarf of the Alphagorgon {repulsion,
                  | *Corrode Str+3 Int+7}
  3890 | D:4      | Identified the +10 dagger of Amorality {flame, *Rage rF++
                  | Dex+4}
  4237 | D:5      | Entered Level 5 of the Dungeon
  4254 | D:5      | Noticed Ijyb
  4260 | D:5      | Killed Ijyb
  4339 | D:5      | You fall into a shaft and drop 3 floors!
  4379 | D:8      | Found Rihaded's Antique Weapon Emporium.
  4388 | D:8      | Reached skill level 1 in Short Blades
  4424 | D:8      | Noticed a hornet
  4429 | D:8      | Killed a hornet
  4430 | D:8      | Reached XP level 8. HP: 39/41 MP: 6/16
  4531 | D:8      | Noticed Maggie
  4544 | D:8      | Killed Maggie
  4545 | D:8      | Reached skill level 5 in Short Blades
  4821 | D:8      | Noticed a sixfirhy
  4822 | D:8      | Found a runed translucent door.
  4830 | D:8      | Noticed a troll
  4830 | D:8      | Noticed a two-headed ogre
  4838 | D:8      | Killed a troll
  4840 | D:8      | Killed a two-headed ogre
  4841 | D:8      | Reached XP level 9. HP: 45/45 MP: 5/17
  5233 | D:8      | Found Hookhlasa's Jewellery Shop.
  5236 | D:8      | Bought a ring of see invisible for 180 gold pieces
  6052 | D:9      | Found a staircase to the Orcish Mines.
  6066 | D:9      | Gained mutation: Your muscles are strong. (Str +4, Int/Dex
                  | -1) [potion of mutation]
  6066 | D:9      | Lost mutation: Your muscles are strong. (Str +4, Int/Dex
                  | -1) [potion of mutation]
  6156 | D:9      | Reached skill level 5 in Dodging
  6156 | D:9      | Reached XP level 10. HP: 53/53 MP: 18/18
  6175 | D:9      | Found a flagged portal.
  6211 | Bailey   | Entered a bailey
  6389 | Bailey   | Slain by an orc warrior

Illustrated notes

Levels and vault maps discovered:
D:1:      sevenhm_arrival_forest_fort_large_4, layout_loops_ring
D:2:      layout_loops_ring, serial_bayou_lagoon_b, uniq_natasha
D:3:      layout_basic, grunt_temple_overflow_open, uniq_grinder, uniq_sigmund
D:4:      layout_loops_ring
D:5:      layout_gridville, nicolae_kite_square_tiling_tiny, uniq_blork_the_orc,
          uniq_ijyb, uniq_pikel
D:8:      cheibrodos_shockbox, layout_loops_corners, serial_shops,
          nicolae_shop_getting_attention, kennysheep_mini_moat, uniq_maggie
D:9:      layout_loops_cross, grunt_temple_overflow_magic_moments,
          lair_entry_dummy, hiddenorc2_lemuel, enter_bailey_6
Bailey:   bailey_polearm_1, bailey

Skill      XL: |  1  2  3  4  5  6  7  8  9 10 |
---------------+-------------------------------+-----
Stealth        | 3 |  3.1
Dodging        | 3 5 7 |  7.3
Translocations | 2 |  2.0
Conjurations   | 5 7 8 9 |  9.0
Spellcasting   | 4 |  4.0
Alchemy        | 1 2 |  2.0
Evocations     | 3 |  3.0
Staves         | 3 |  3.0
Short Blades   | 3 7 9 |  9.9
Fighting       | 2 |  2.0
Long Blades    | |  0.9

Action                     |  1- 3 |  4- 6 |  7- 9 | 10-12 || total
---------------------------+-------+-------+-------+-------++-------
  Melee: Unarmed           |    16 |     4 |       |       ||    20
         Quarterstaff      |       |    16 |     4 |       ||    20
         Dagger            |       |       |    48 |    30 ||    78
   Cast: Magic Dart        |    50 |    20 |    11 |     3 ||    84
         Searing Ray       |     7 |    22 |    30 |     6 ||    65
         Iskenderun's Myst |       |     1 |     9 |     3 ||    13
  Evoke: Wand              |       |     2 |       |     1 ||     3
    Use: Potion            |     1 |     1 |     5 |       ||     7
         Scroll            |       |     3 |     4 |       ||     7
   Stab: Sleeping          |       |     2 |     2 |       ||     4
 Armour: Robe              |    10 |    19 |    28 |    10 ||    67
         Skin              |       |       |     2 |       ||     2
  Dodge: Dodged            |    12 |    25 |    63 |    29 ||   129
         Repelled          |       |       |     1 |       ||     1
